AoeStats
← p0ni spice latte

Arena

505342389Analyzed
3v3 RM · 23d ago on Sep 8, 2026· 39m 47s· 6 players
Game mode
Random Map
Map size
Normal (6 player)
Population
200
Speed
Normal
Resources
Standard
Victory
Conquest
Starting age
Dark Age
Ending age
Imperial Age
RankedLock teamsTeams togetherTeam positionsShared explorationLock speedFull tech treeHidden civsTurbo modeCheats
Victory
Defeat
🇫🇮 Persians · Finland
1494
+11
🇺🇸 Romans · United States
1480
+12
🇺🇸 Poles · United States
1451
+13
🇺🇸 Dravidians · United States
1405
-13
🇪🇸 Berbers · Spain
1403
-13
🇬🇧 Lithuanians · United Kingdom
1332
-10
李佳遥耶耶耶
10:05 Feudal Age
14:38 Castle Age
12:45 Double-Bit Axe
13:15 Horse Collar
15:39 Bow Saw
22:37 Wheelbarrow
25:02 Loom
28:07 Imperial Age
25:58 Hand Cart
25:52 Gold Mining
28:43 Gold Shaft Mining
28:11 Heavy Plow
28:58 Fletching
29:26 Forging
29:21 Scale Barding Armor
29:39 Bloodlines
29:29 Husbandry
28:51 Heavy Camel Rider
29:33 Stone Mining
30:17 Conscription
29:57 Maghrebi Camels
31:28 Iron Casting
31:41 Crop Rotation
32:04 Chain Barding Armor
32:25 Coinage
33:46 Blast Furnace
33:39 Stone Shaft Mining
33:23 Guilds
35:16 Plate Barding Armor
36:09 Chemistry
35:29 Ballistics
35:01 Arrowslits
35:24 Pikeman
36:04 Squires
36:19 Guard Tower
38:19 Fortified Wall
38:24 Scale Mail Armor
38:31 Treadmill Crane
TaNa
10:49 Feudal Age
11:35 Double-Bit Axe
14:25 Castle Age
12:21 Horse Collar
14:50 Wheelbarrow
15:27 Bow Saw
19:09 Loom
19:09 Loom
19:51 Heavy Plow
21:21 Gold Mining
28:02 Imperial Age
25:49 Hand Cart
25:52 Fletching
26:36 Ballistics
26:31 Bodkin Arrow
27:26 Thumb Ring
27:25 Padded Archer Armor
29:15 Conscription
30:08 Chemistry
29:21 Bracer
30:36 Leather Archer Armor
30:48 Husbandry
33:37 Two-Man Saw
32:54 Medical Corps
33:29 Masonry
33:03 Elite Elephant Archer
35:57 Ring Archer Armor
37:48 Wootz Steel
God Of The Sea People
8:49 Feudal Age
9:16 Double-Bit Axe
9:12 Horse Collar
13:31 Wheelbarrow
18:09 Castle Age
16:55 Loom
19:03 Bow Saw
20:04 Gold Mining
21:45 Scale Barding Armor
21:24 Pikeman
23:06 Scale Mail Armor
34:19 Fortified Wall
36:48 Fletching
p0ni spice latte
10:06 Feudal Age
14:21 Castle Age
12:03 Horse Collar
12:19 Double-Bit Axe
15:23 Bow Saw
20:31 Wheelbarrow
20:20 Loom
20:20 Town Watch
20:43 Heavy Plow
22:11 Hand Cart
23:05 Gold Mining
26:45 Imperial Age
24:58 Fervor
25:25 Ballistics
25:13 Town Patrol
26:56 Scale Mail Armor
26:18 Pikeman
26:58 Squires
27:45 Ballistas
28:33 Gold Shaft Mining
27:50 Stone Mining
28:49 Chain Mail Armor
29:13 Forging
30:54 Chemistry
29:39 Halberdier
32:03 Iron Casting
32:20 Heavy Scorpion
33:55 Siege Engineers
34:16 Conscription
35:30 Blast Furnace
34:52 Fletching
35:46 Elite Skirmisher
36:55 Bodkin Arrow
37:01 Padded Archer Armor
38:32 Masonry
aawwd
10:07 Feudal Age
15:26 Castle Age
13:56 Double-Bit Axe
13:53 Horse Collar
16:52 Wheelbarrow
16:32 Bow Saw
16:28 Heavy Plow
21:39 Gold Mining
23:07 Loom
23:55 Stone Mining
24:12 Scale Barding Armor
24:18 Forging
25:28 Chain Barding Armor
25:31 Szlachta Privileges
26:22 Bloodlines
26:13 Husbandry
30:31 Imperial Age
28:44 Iron Casting
30:15 Pikeman
30:38 Cavalier
32:19 Blast Furnace
32:05 Conscription
31:10 Elite Obuch
32:38 Light Cavalry
33:52 Winged Hussar
34:35 Treadmill Crane
36:54 Crop Rotation
mundobear
10:08 Feudal Age
14:16 Castle Age
12:31 Double-Bit Axe
14:34 Horse Collar
15:22 Heavy Plow
18:22 Loom
22:18 Wheelbarrow
22:01 Bow Saw
28:55 Imperial Age
26:35 Pikeman
27:16 Squires
27:59 Hand Cart
28:44 Scale Mail Armor
28:56 Forging
28:30 Man-at-Arms
28:52 Halberdier
29:48 Capped Ram
30:33 Gold Mining
33:06 Conscription
33:43 Iron Casting
33:32 Fletching
35:35 Siege Ram
37:27 Caravan
37:58 Coinage
37:44 Kamandaran
37:55 Citadels
38:52 Chemistry
38:12 Ballistics
39:22 Elite Skirmisher
39:58 Bodkin Arrow
40:04 Padded Archer Armor
Connection lost

Rejoining the realm…

Still unreachable

The connection could not be restored.

Session expired

The server has moved on; the page needs a fresh start.